 Dungeon Crawl Stone Soup version 0.25-a0-697-g890751e744 (webtiles) character file.

Game seed: 12833091906118472262, levelgen mode: deterministic

2026 xccam the Sneak (level 9, -16/69 HPs)
             Began as a Gnoll Wanderer on Feb 21, 2020.
             Was a Follower of Cheibriados.
             Demolished by Menkaure (19 damage)
             ... on level 6 of the Dungeon on Apr 1, 2020.
             The game lasted 00:16:12 (5962 turns).

xccam the Sneak (Gnoll Wanderer)                    Turns: 5962, Time: 00:16:12

Health: -16/69     AC: 13    Str: 18    XL:     9   Next: 23%
Magic:  14/15      EV:  7    Int: 17    God:    Cheibriados [*.....]
Gold:   251        SH: 11    Dex: 18    Spells: 16/16 levels left

rFire    . . .     SeeInvis .   c - +1 falchion
rCold    . . .     Gourm    +   b - +0 kite shield
rNeg     . . .     Faith    .   r - +0 chain mail
rPois    .         Spirit   .   d - +1 helmet
rElec    .         Reflect  .   w - +0 cloak
rCorr    .         Harm     .   (no gloves)
MR       .....                  (no boots)
Stlth    +.........             p - amulet of the gourmand
HPRegen  0.21/turn              g - +1 ring of protection
MPRegen  0.14/turn              (no ring)

@: mighty, very slow
A: distributed training, fangs 1, strong nose
a: Bend Time, Renounce Religion


You were on level 6 of the Dungeon.
You worshipped Cheibriados.
Cheibriados was aware of your devotion.
You were very full.

You visited 2 branches of the dungeon, and saw 7 of its levels.

You collected 251 gold pieces.

Inventory:

Hand Weapons
 a - a +0 short sword
 c - a +1 falchion (weapon)
 e - a +0 dagger
 x - a +2 quarterstaff of chaos
Missiles
 j - 83 sling bullets
Armour
 b - a +0 kite shield (worn)
 d - a +1 helmet (worn)
 r - a +0 chain mail (worn)
 v - a +0 plate armour of magic resistance
 w - a +0 cloak (worn)
Jewellery
 g - a +1 ring of protection (left hand)
 p - an amulet of the gourmand (around neck)
 y - an uncursed ring of wizardry
Wands
 u - a wand of iceblast (6)
Scrolls
 h - a scroll of teleportation
 i - a scroll of amnesia
 k - a scroll of identify
 m - 7 scrolls of remove curse
 s - a scroll of enchant armour
Potions
 o - a potion of degeneration {unknown}
 q - 3 potions of curing
 t - 2 potions of resistance
Comestibles
 f - 12 rations
 n - 4 chunks of flesh


   Skills:
 + Level 6.1 Fighting
 + Level 6.1 Short Blades
 + Level 4.8 Long Blades
 + Level 4.0 Axes
 + Level 4.0 Maces & Flails
 + Level 4.0 Polearms
 + Level 4.0 Staves
 + Level 4.0 Slings
 + Level 4.0 Bows
 + Level 4.0 Crossbows
 + Level 4.0 Throwing
 + Level 4.0 Armour
 + Level 4.0 Dodging
 + Level 7.2 Stealth
 + Level 6.1 Shields
 + Level 4.0 Unarmed Combat
 + Level 4.0 Spellcasting
 + Level 3.2 Conjurations
 + Level 3.2 Hexes
 + Level 3.2 Charms
 + Level 3.2 Summonings
 + Level 3.2 Necromancy
 + Level 3.2 Translocations
 + Level 3.2 Transmutations
 + Level 3.2 Fire Magic
 + Level 3.2 Ice Magic
 + Level 3.2 Air Magic
 + Level 3.2 Earth Magic
 + Level 3.2 Poison Magic
 + Level 4.3 Invocations
 + Level 4.0 Evocations


You had 16 spell levels left.
You didn't know any spells.
Your spell library was empty.

Dungeon Overview and Level Annotations

Branches:
Dungeon (6/15)             Temple (1/1) D:5

Altars:
Ashenzari
Cheibriados
Dithmenos
Elyvilon
Fedhas
Hepliaklqana
Kikubaaqudgha
Makhleb
Okawaru
Qazlal
Ru
Sif Muna
Trog
Uskayaw
Vehumet
Wu Jian
Xom
Zin
The Shining One

Shops:
D:5 %?=?(

Annotations:
D:3 exclusion: oklob plant
D:6 Menkaure


Innate Abilities, Weirdness & Mutations

Your experience applies equally to all skills.
You have very sharp teeth.
Your uncanny sense of smell can sniff out nearby items.


Message History

You kill the bullfrog!
Cheibriados appreciates the change of pace.
Your Axes skill increases to level 4!
Your Maces & Flails skill increases to level 4!
Your Polearms skill increases to level 4!
Your Staves skill increases to level 4!
Your Slings skill increases to level 4!
Your Bows skill increases to level 4!
Your Crossbows skill increases to level 4!
Your Throwing skill increases to level 4!
Your Armour skill increases to level 4!
Your Dodging skill increases to level 4!
Your Unarmed Combat skill increases to level 4!
Your Spellcasting skill increases to level 4!
Your Evocations skill increases to level 4!
You barely miss Menkaure. You bite Menkaure.
Menkaure is moderately damaged.
Menkaure hits you!
* * * LOW HITPOINT WARNING * * *
Menkaure hits you!!
You die...

.#..#.... ...........####...#.
...(..... .............).o....
..#.###.............o#####.##.
.........##..........#
...####.###........(.# #†##
#.# ##.....####
#)#####.######......##
...........#######o..####...
..#.###.##.##...@Mh.........
..............####.....###..
.###.##.##...## #####....# .#
#....####.# #...# .# ###..#
#.######## #.... .# ##.##
#......... .... .. #...#
#########. ... .. #..## ## ..
#..#


You could see Menkaure, an orc and a jackal.

Vanquished Creatures
  Grinder (D:3)
  Sigmund (D:2)
  Edmund (D:6)
  3 ice beasts (D:5)
  An orc warrior (D:5)
  2 ogres (D:4)
  2 bullfrogs (D:6)
  A scorpion (D:6)
  4 wights (D:6)
  A crimson imp (D:5)
  A jelly (D:5)
  A gnoll shaman (D:3)
  4 orc priests
  Crazy Yiuf (D:3)
  2 orc wizards
  Jessica (D:2)
  7 worker ants
  Robin (D:2)
  4 gnolls
  8 adders
  An ooze (D:2)
  An adder zombie (D:6)
  An adder skeleton (D:5)
  A worm (D:2)
  3 dart slugs
  2 leopard geckos
  20 orcs
  6 giant cockroaches
  18 goblins
  3 hobgoblins
  5 jackals
  A kobold (D:2)
  4 quokkas
  A ball python (D:6)
  9 bats
  4 frilled lizards (D:2)
  9 rats
136 creatures vanquished.

Notes
Turn   | Place    | Note
-------+----------+-------------------------------------------
     0 | D:1      | xccam the Gnoll Wanderer began the quest for the Orb.
     0 | D:1      | xccam set off with the following items: a +0 short sword, a
                  | +0 kite shield, a +0 falchion, a +0 robe, a +0 dagger, a
                  | ration
     0 | D:1      | Reached XP level 1. HP: 20/20 MP: 1/1
   251 | D:1      | Reached XP level 2. HP: 24/26 MP: 2/2
   453 | D:1      | Reached XP level 3. HP: 28/31 MP: 3/3
   683 | D:2      | Reached skill level 6 in Stealth
   683 | D:2      | Reached skill level 1 in Invocations
   858 | D:2      | Found a glowing golden altar of the Shining One.
   859 | D:2      | Noticed Jessica
   866 | D:2      | Killed Jessica
   866 | D:2      | Reached skill level 1 in Axes
   866 | D:2      | Reached skill level 1 in Maces & Flails
   866 | D:2      | Reached skill level 1 in Polearms
   866 | D:2      | Reached skill level 1 in Staves
   866 | D:2      | Reached skill level 1 in Slings
   866 | D:2      | Reached skill level 1 in Bows
   866 | D:2      | Reached skill level 1 in Crossbows
   866 | D:2      | Reached skill level 1 in Throwing
   866 | D:2      | Reached skill level 1 in Armour
   866 | D:2      | Reached skill level 1 in Dodging
   866 | D:2      | Reached skill level 1 in Unarmed Combat
   866 | D:2      | Reached skill level 1 in Spellcasting
   866 | D:2      | Reached skill level 1 in Evocations
   866 | D:2      | Reached XP level 4. HP: 38/38 MP: 5/5
  1174 | D:2      | Found an iron altar of Okawaru.
  1530 | D:2      | Noticed Robin
  1530 | D:2      | Noticed Sigmund
  1580 | D:2      | Killed Robin
  1580 | D:2      | Reached skill level 1 in Conjurations
  1580 | D:2      | Reached skill level 1 in Hexes
  1580 | D:2      | Reached skill level 1 in Charms
  1580 | D:2      | Reached skill level 1 in Summonings
  1580 | D:2      | Reached skill level 1 in Necromancy
  1580 | D:2      | Reached skill level 1 in Translocations
  1580 | D:2      | Reached skill level 1 in Transmutations
  1580 | D:2      | Reached skill level 1 in Fire Magic
  1580 | D:2      | Reached skill level 1 in Ice Magic
  1580 | D:2      | Reached skill level 1 in Air Magic
  1580 | D:2      | Reached skill level 1 in Earth Magic
  1580 | D:2      | Reached skill level 1 in Poison Magic
  1902 | D:2      | Killed Sigmund
  1902 | D:2      | Reached XP level 5. HP: 34/43 MP: 5/7
  1902 | D:2      | Reached XP level 6. HP: 40/50 MP: 5/8
  2036 | D:3      | Noticed Grinder
  2053 | D:3      | Killed Grinder
  2053 | D:3      | Reached skill level 5 in Fighting
  2053 | D:3      | Reached skill level 5 in Short Blades
  2053 | D:3      | Reached skill level 5 in Shields
  2053 | D:3      | Reached XP level 7. HP: 39/56 MP: 8/10
  2178 | D:3      | Found a white marble altar of Elyvilon.
  2485 | D:3      | Found a hazy altar of Hepliaklqana.
  2597 | D:3      | Found a blossoming altar of Fedhas.
  2610 | D:3      | Noticed an oklob plant
  2797 | D:3      | Found a runed translucent door.
  2798 | D:3      | Noticed Crazy Yiuf
  2973 | D:3      | Killed Crazy Yiuf
  3143 | D:4      | Found a shimmering altar of Xom.
  3145 | D:4      | Found a shimmering altar of Xom.
  3153 | D:4      | Found a shimmering altar of Xom.
  3595 | D:4      | Found a blossoming altar of Fedhas.
  4070 | D:5      | Entered Level 5 of the Dungeon
  4108 | D:5      | Reached XP level 8. HP: 49/63 MP: 12/12
  4174 | D:5      | Found Fyll's Jewellery Shop.
  4210 | D:5      | Found Xiusuig's Antique Weapon Boutique.
  4573 | D:5      | Found a staircase to the Ecumenical Temple.
  4918 | D:5      | Found Sipo's Magic Scroll Emporium.
  4938 | D:5      | Found Unilob's Food Emporium.
  5022 | D:5      | Found Lagerof's Magic Scroll Shop.
  5199 | Temple   | Entered the Ecumenical Temple
  5357 | Temple   | Became a worshipper of Cheibriados the Contemplative
  5402 | D:6      | Noticed Edmund
  5449 | D:6      | Killed Edmund
  5449 | D:6      | Reached skill level 7 in Stealth
  5461 | D:6      | Upgraded the game from 0.25-a0-547-g27a0b5d1ef to
                  | 0.25-a0-697-g890751e744
  5631 | D:5      | Reached XP level 9. HP: 60/69 MP: 14/14
  5777 | D:6      | Reached * piety under Cheibriados
  5940 | D:6      | Noticed Menkaure
  5962 | D:6      | HP: 3/69 [Menkaure (12)]
  5962 | D:6      | Demolished by Menkaure

Levels and vault maps discovered:
D:1:      heliophobic_arrival_enchanted_forest, layout_loops_cross
D:2:      layout_basic, old_standard_altar, lemuel_crystal_altar, serial_glass,
          glass_columns_a, glass_columns_a, uniq_robin, uniq_sigmund,
          uniq_jessica
D:3:      layout_loops_ring, old_standard_altar, elyvilon_altar_3, tgw_fedhas,
          uniq_grinder, uniq_crazy_yiuf_cottage
D:4:      layout_basic, lemuel_round_altar, xom_redecorated
D:5:      layout_basic, temple_pool_b, portal_sewer_entry_e, serial_shops,
          nicolae_shop_statue_plus, nicolae_shop_stone,
          nicolae_shop_behind_doors, shop, nicolae_shop_behind_doors,
          first_ration, st_stairs_10
D:6:      lemuel_ratsnest, layout_rooms, kennysheep_mini,
          lemuel_zombie_altar_yredelemnul, uniq_menkaure, uniq_edmund
Temple:   dpeg_chambers_temple

Skill      XL: |  1  2  3  4  5  6  7  8  9 |
---------------+----------------------------+-----
Stealth        | 6 7 |  7.2
Invocations    | 1 2 3 4 |  4.3
Axes           | 1 2 3 4 |  4.0
Maces & Flails | 1 2 3 4 |  4.0
Polearms       | 1 2 3 4 |  4.0
Staves         | 1 2 3 4 |  4.0
Slings         | 1 2 3 4 |  4.0
Bows           | 1 2 3 4 |  4.0
Crossbows      | 1 2 3 4 |  4.0
Throwing       | 1 2 3 4 |  4.0
Armour         | 1 2 3 4 |  4.0
Dodging        | 1 2 3 4 |  4.0
Unarmed Combat | 1 2 3 4 |  4.0
Spellcasting   | 1 2 3 4 |  4.0
Evocations     | 1 2 3 4 |  4.0
Conjurations   | 1 2 3 |  3.2
Hexes          | 1 2 3 |  3.2
Charms         | 1 2 3 |  3.2
Summonings     | 1 2 3 |  3.2
Necromancy     | 1 2 3 |  3.2
Translocations | 1 2 3 |  3.2
Transmutations | 1 2 3 |  3.2
Fire Magic     | 1 2 3 |  3.2
Ice Magic      | 1 2 3 |  3.2
Air Magic      | 1 2 3 |  3.2
Earth Magic    | 1 2 3 |  3.2
Poison Magic   | 1 2 3 |  3.2
Long Blades    | 3 4 |  4.8
Fighting       | 5 6 |  6.1
Short Blades   | 5 6 |  6.1
Shields        | 5 6 |  6.1

Action                   |  1- 3 |  4- 6 |  7- 9 || total
-------------------------+-------+-------+-------++-------
Melee: Short sword       |    84 |   140 |    59 ||   283
       Bite              |    10 |    11 |    74 ||    95
       Falchion          |       |       |   482 ||   482
Evoke: Wand              |       |       |     8 ||     8
  Use: Potion            |       |     1 |     4 ||     5
       Scroll            |       |     1 |    11 ||    12
 Stab: Sleeping          |     7 |     4 |     8 ||    19
  Eat: Chunk             |       |     4 |    22 ||    26
Armor: Robe              |    18 |       |       ||    18
       Ring mail         |       |    23 |   108 ||   131
       Chain mail        |       |       |    84 ||    84
Dodge: Dodged            |    24 |    23 |   169 ||   216
Block: Kite shield       |    38 |    50 |   234 ||   322
       Rpst.: Falchion   |       |       |    49 ||    49

Table legend:
 A = Non-vault XP
 B = Vault XP
 C = Vault XP percentage of total XP
 D = Non-vault monster count
 E = Vault monster count
 F = Vault count percentage of total count
                 A         B        C        D         E       F
            +---------+---------+-------+---------+---------+-------
      Total |    2054 |     841 |  29.1 |     116 |      20 |  14.7
            +---------+---------+-------+---------+---------+-------
        D:1 |      36 |       0 |   0.0 |      19 |       0 |   0.0
        D:2 |      57 |     297 |  83.9 |      18 |      15 |  45.5
        D:3 |     153 |     302 |  66.4 |      20 |       2 |   9.1
        D:4 |     320 |       0 |   0.0 |      10 |       0 |   0.0
        D:5 |     805 |      78 |   8.8 |      23 |       2 |   8.0
        D:6 |     683 |     164 |  19.4 |      26 |       1 |   3.7
            +---------+---------+-------+---------+---------+-------
